 Dungeon Crawl Stone Soup version 0.28-a0-1506-g3893175d92 (webtiles) character file.

Game seed: 3812266425342822919

781 Ijustatesigmund the Cleaver (level 7, -10/64 HPs)
             Began as a Hill Orc Fighter on Jan 14, 2022.
             Mangled by Blork the orc (12 damage)
             ... on level 5 of the Dungeon.
             The game lasted 00:06:45 (4647 turns).

Ijustatesigmund the Cleaver (Hill Orc Fighter)      Turns: 4647, Time: 00:06:45

Health: -10/64     AC: 10    Str: 21    XL:     7   Next: 85%
Magic:  7/7        EV:  9    Int:  8    God:
Gold:   214        SH:  5    Dex: 10    Spells: 6/6 levels left

rFire   . . .      SeeInvis .   a - +1 war axe (freeze)
rCold   . . .      Faith    .   c - +1 buckler
rNeg    . . .      Spirit   .   b - +0 scale mail
rPois   +          Reflect  .   (no helmet)
rElec   .          Harm     .   m - +0 cloak
rCorr   .          Rampage  .   u - +1 pair of gloves
Will    .....                   (no boots)
Stlth   ..........              (no amulet)
HPRegen 0.20/turn               j - ring of poison resistance
MPRegen 0.10/turn               (no ring)

@: no status effects
A: no striking features
a: no special abilities


You were on level 5 of the Dungeon.
You visited 1 branch of the dungeon, and saw 6 of its levels.

You collected 214 gold pieces.

Inventory:

Hand Weapons
 a - a +1 war axe of freezing (weapon)
Missiles
 p - a throwing net (quivered)
Armour
 b - a +0 scale mail (worn)
 c - a +1 buckler (worn)
 m - a +0 cloak (worn)
 u - a +1 pair of gloves (worn)
Jewellery
 j - a ring of poison resistance (left hand)
 k - a ring of ice
 t - a ring of magical power
Wands
 s - a wand of iceblast (7)
Scrolls
 d - 4 scrolls of amnesia
Potions
 e - 2 potions of flight
 h - a potion of magic
 i - a potion of brilliance {unknown}
 n - a potion of berserk rage {unknown}
 q - a potion of attraction {unknown}
 w - a potion of haste {unknown}


   Skills:
 + Level 6.9 Fighting
 + Level 9.0 Axes
 + Level 3.8 Armour
 - Level 0.1 Dodging
 - Level 3.2 Shields


You had 6 spell levels left.
You didn't know any spells.
Your spell library contained the following spells:

 Spells                   Type           Power      Damage    Failure   Level
 Beastly Appendage        Tmut           0%         N/A       83%         1
 Ensorcelled Hibernation  Hex/Ice        0%         N/A       93%         2
 Wereblood                Tmut           0%         N/A       93%         2
 Call Canine Familiar     Summ           0%         N/A       99%         3
 Dazzling Flash           Conj/Hex       0%         N/A       99%         3
 Portal Projectile        Hex/Tloc       0%         N/A       99%         3
 Spider Form              Tmut/Pois      0%         N/A       99%         3
 Anguish                  Hex/Necr       0%         N/A       100%        4
 Iskenderun's Mystic Bla  Conj/Tloc      0%         2d3       100%        4
 Leda's Liquefaction      Hex/Erth       0%         N/A       100%        4
 Blade Hands              Tmut           0%         N/A       100%        5
 Excruciating Wounds      Necr           0%         N/A       100%        5
 Starburst                Conj/Fire      0%         6d3       100%        6


Dungeon Overview and Level Annotations

Branches:
Dungeon (6/15)
 Temple: D:4-7

Altars:

Annotations:
D:5 Blork the orc


Message History

Found a stone staircase leading up.
There is a stone staircase leading up here.
You climb upwards.
Level annotation: Blork the orc
There is a stone staircase leading down here.
You start resting.
Blork the orc is nearby!
Found 21 arrows.
Blork the orc shouts!
Blork the orc casts a spell at you. The puff of frost hits you!
Blork the orc points at you and mumbles some strange words.
The magic dart hits you.
You slash Blork the orc! You freeze Blork the orc!
Blork the orc is severely wounded.
Blork the orc completely misses you.
You barely miss Blork the orc.
Blork the orc is severely wounded.
Blork the orc hits you with a +3 battleaxe of electrocution!
You are electrocuted!
Blork the orc hits you with a +3 battleaxe of electrocution!
* * * LOW HITPOINT WARNING * * *
You are too injured to fight recklessly!
You are too injured to fight recklessly!
You are too injured to fight recklessly!
You are too injured to fight recklessly!
You are too injured to fight recklessly!
You are too injured to fight recklessly!
You are too injured to fight recklessly!
You are too injured to fight recklessly!
You are too injured to fight recklessly!
You are too injured to fight recklessly!
You are too injured to fight recklessly!
You are too injured to fight recklessly!
You barely miss Blork the orc.
Blork the orc is severely wounded.
Blork the orc hits you with a +3 battleaxe of electrocution!
* * * LOW HITPOINT WARNING * * *
You are electrocuted!
You die...

)...... †###.#. #.#.. ... .#
#.#.# .. .. #.#(##.# ### #......#
#.....# #### . ######.....### #..
. .. .............#######.# #
####....####.#..@o.#.##.....)####
.............#..##.#.##...).)....
...................#......)..#.##
............>#.##..#..#...).)#..#
####.........#.##..#..#.....o..#.
..#####.......>..#######.###
###.##.##...# ##.#. #.## #...#
##.# #.##.##...#### #o#


You could see Blork the orc.

Vanquished Creatures
  Sigmund (D:3)
  A scorpion (D:5)
  A gnoll sergeant (D:5)
  A bullfrog zombie (D:5)
  2 hounds
  Crazy Yiuf (D:4)
  A centaur skeleton (D:5)
  A bullfrog skeleton (D:5)
  Ijyb (D:5)
  An iguana (D:3)
  Robin (D:4)
  6 gnolls
  6 adders
  2 adder skeletons (D:4)
  A worm (D:2)
  3 dart slugs
  23 orcs
  9 ball pythons
  A bat (D:2)
  4 endoplasms
  5 giant cockroaches
  13 goblins
  13 hobgoblins
  12 jackals
  5 kobolds
  2 quokkas
  4 frilled lizards
  5 rats
126 creatures vanquished.

Notes
Turn   | Place    | Note
-------+----------+-------------------------------------------
     0 | D:1      | Ijustatesigmund the Hill Orc Fighter began the quest for
                  | the Orb.
     0 | D:1      | Reached XP level 1. HP: 19/19 MP: 1/1
    13 | D:1      | Reached skill level 3 in Axes
    19 | D:1      | Reached XP level 2. HP: 23/26 MP: 2/2
   114 | D:1      | Reached skill level 4 in Axes
   288 | D:1      | Reached XP level 3. HP: 30/31 MP: 3/3
   717 | D:1      | Reached skill level 5 in Axes
  1050 | D:2      | Reached XP level 4. HP: 39/39 MP: 4/4
  1194 | D:2      | Found a faded altar of an unknown god.
  1489 | D:2      | Identified the +6 dagger of Fotzast {vorpal, Dex+3}
  1501 | D:2      | Reached skill level 6 in Axes
  1963 | D:2      | Reached XP level 5. HP: 40/46 MP: 5/5
  2591 | D:3      | Reached skill level 7 in Axes
  2789 | D:3      | Noticed Sigmund
  2795 | D:3      | Killed Sigmund
  2796 | D:3      | Reached skill level 5 in Fighting
  2796 | D:3      | Reached XP level 6. HP: 43/56 MP: 6/6
  3299 | D:4      | Noticed Robin
  3308 | D:4      | Killed Robin
  3309 | D:4      | Reached skill level 8 in Axes
  3336 | D:4      | Reached XP level 7. HP: 18/63 MP: 7/7
  3665 | D:4      | Found a runed translucent door.
  3666 | D:4      | Noticed Crazy Yiuf
  3675 | D:4      | Killed Crazy Yiuf
  4087 | D:5      | Entered Level 5 of the Dungeon
  4333 | D:5      | Noticed Ijyb
  4357 | D:5      | Killed Ijyb
  4361 | D:5      | HP: 1/64 [gnoll (5)]
  4367 | D:5      | Reached skill level 9 in Axes
  4378 | D:5      | Noticed Blork the orc
  4647 | D:5      | HP: 2/64 [Blork the orc (13)]
  4647 | D:5      | Mangled by Blork the orc

Illustrated notes

Levels and vault maps discovered:
D:1:      nzn_arrival_water_spiral, layout_basic, minmay_pentomino_v2
D:2:      layout_basic, basic_ecumenical_altar
D:3:      layout_basic, serial_corexii_hall, corexii_hall_statues_l,
          corexii_hall_statues_t, kennysheep_nub,
          chequers_serial_rivers_micro_b, minmay_fractal_squares_5, uniq_sigmund
D:4:      layout_loops_ring, uniq_crazy_yiuf_cottage, uniq_robin
D:5:      layout_loops_cross, temple_doors_ab, corexii_shack, uniq_ijyb,
          uniq_grinder, uniq_blork_the_orc
D:6:      layout_loops_ring, kennysheep_little_box, minivault_14,
          hangedman_abyss_or_decor_stabs, nicolae_sextant, uniq_edmund

Skill      XL: |  1  2  3  4  5  6  7 |
---------------+----------------------+-----
Axes           | 3 4 5 6 7 8 9 |  9.0
Fighting       | 5 6 |  6.9
Armour         | |  3.8
Dodging        | |  0.1
Shields        | |  3.2

Action                   |  1- 3 |  4- 6 |  7- 9 || total
-------------------------+-------+-------+-------++-------
Melee: War axe           |   103 |   161 |    76 ||   340
  Use: Scroll            |       |     6 |     5 ||    11
       Potion            |       |     1 |     5 ||     6
Armor: Scale mail        |    50 |    70 |    37 ||   157
Dodge: Dodged            |    43 |    78 |    55 ||   176
Block: Buckler           |    21 |    45 |    20 ||    86

Table legend: (Time is in decaauts)
 A = Elapsed time spent in this place.
 B = Non-inter-level travel time spent in this place.
 C = Inter-level travel time spent in this place.
 D = Time resting spent in this place.
 E = Time spent auto-exploring this place.
 F = Levels seen in this place.
 G = Mean time per level.
                   A        B        C        D        E       F      G
               +--------+--------+--------+--------+--------+-----+--------+
         Total |   4724 |   4626 |     98 |    739 |   3122 |   6 |  787.3 |
       Dungeon |   4724 |   4626 |     98 |    739 |   3122 |   6 |  787.3 |
               +--------+--------+--------+--------+--------+-----+--------+

Top non-repeatable levels by time:
     D:2: 1181 daAuts
     D:4: 1177 daAuts
     D:3: 933 daAuts
     D:1: 866 daAuts
     D:5: 503 daAuts
     D:6: 62 daAuts
